 Dungeon Crawl Stone Soup version 0.29.0-11-gd7f09526c8 (webtiles) character file.

Game seed: 4296286859119005741

136 Zeldest the Grasshopper (level 5, -1/41 HPs)
             Began as a Meteoran Warper on Sept 3, 2022.
             Slain by Grinder (5 damage)
             ... on level 3 of the Dungeon.
             The game lasted 00:05:14 (822 turns).

Zeldest the Grasshopper (Meteoran Warper)            Turns: 822, Time: 00:05:14

Health: -1/41      AC:  6    Str: 14    XL:     5   Next: 71%
Magic:  10/10      EV: 11    Int: 15    God:
Gold:   118        SH:  0    Dex: 13    Spells: 9/9 levels left

rFire   + . .      SeeInvis .   g - +2 whip (venom)
rCold   + . .      Faith    .   (no shield)
rNeg    . . .      Spirit   .   o - +0 ring mail
rPois   +          Reflect  .   (no helmet)
rElec   +          Harm     .   p - scarf {repulsion}
rCorr   +          Rampage  .   e - +0 pair of gloves
Will    .....                   (no boots)
Stlth   +.........              (no amulet)
HPRegen 0.13/turn               (no ring)
MPRegen 0.12/turn               (no ring)

@: brilliant, resistant, attractive, hasted, glowing, repel missiles, very quick
A: sense surroundings 1, otherworldly, glowing, explore regen
a: no special abilities


You were on level 3 of the Dungeon.
You visited 1 branch of the dungeon, and saw 3 of its levels.

You collected 118 gold pieces.

Inventory:

Hand Weapons
 g - a +2 whip of venom (weapon)
Missiles
 c - 6 boomerangs of dispersal (quivered)
Armour
 a - a +0 leather armour
 e - a +0 pair of gloves (worn)
 o - a +0 ring mail (worn)
 p - a scarf of repulsion (worn)
Jewellery
 f - a ring of magical power
Wands
 t - a wand of flame (7)
Scrolls
 b - a scroll of blinking
 d - 2 scrolls of summoning {unknown}
 h - a scroll of acquirement {unknown}
 i - 2 scrolls of noise {unknown}
 j - a scroll of amnesia {unknown}
 q - a scroll of poison {unknown}
 r - a scroll of enchant weapon {unknown}
 s - a scroll of fog {unknown}
 u - a scroll of identify {unknown}


   Skills:
 - Level 2.1 Fighting
 - Level 1.2 Throwing
 - Level 1.2 Armour
 - Level 2.4 Dodging
 + Level 4.1 Unarmed Combat
 - Level 2.6 Spellcasting
 + Level 4.9 Translocations
 + Level 3.1 Transmutations


You had 9 spell levels left.
You didn't know any spells.
Your spell library contained the following spells:

 Spells                   Type           Power      Damage    Failure   Level
 Blink                    Tloc           50%        N/A       9%          2
 Gell's Gravitas          Tloc           25%        N/A       17%         3
 Lesser Beckoning         Tloc           25%        N/A       17%         3
 Teleport Other           Tloc           25%        N/A       17%         3
 Manifold Assault         Tloc           25%        N/A       83%         5


Dungeon Overview and Level Annotations

Branches:
Dungeon (3/15) Zot: 968

Altars:

Annotations:
D:3 Grinder


Innate Abilities, Weirdness & Mutations

You passively map a small area around you.
You are easily found by Zot.
You glow in the dark.
You regain HP and MP as you explore.


Message History

Grinder is heavily wounded.
Grinder says, "Just stop there for a second..."
Grinder closely misses you.
You hit Grinder.
Grinder is severely wounded.
Grinder gestures at you. Pain shoots through your body!
* * * LOW HITPOINT WARNING * * *
You barely miss Grinder.
Grinder is severely wounded.
Grinder hits you but does no damage.
It was a potion of brilliance.
You feel clever all of a sudden. Grinder barely misses you.
It was a potion of haste.
You feel yourself speed up. Grinder barely misses you.
It was a potion of resistance.
You feel protected.
Grinder looks more healthy.
Grinder gestures at you.
You suddenly lose the ability to move!
Grinder gestures at you. You resist with some effort.
Grinder barely misses you.
You can move again.
It was a potion of attraction.
You feel attractive to monsters. Grinder hits you!
* * * LOW HITPOINT WARNING * * *
Okay, then.
You hit Grinder.
Grinder is poisoned.
Your punch misses Grinder.
Grinder is severely wounded.
Grinder gestures at you.
You shrug off the repeated paralysis!
You barely miss Grinder.
Grinder is severely wounded.
You closely miss Grinder.
Grinder is almost dead.
Grinder hits you.
You die...

#. # #.....####.#
#..####.#...)......#
.........#.#.####.##
#............# #...
###.########.### ###.
#.....######'## #.
#......<..#...## #.
#.....###......## #.
#....@# #.......# ##
*#?...5##.........####.
#.......+.........+....
##..>#.##.........####.
#...............## ##
#####.####.....## # #.#
##...## #.#* ##+## *,*
* * **** #


You could see Grinder (very poisoned).

Vanquished Creatures
  Jessica (D:3)
  5 adders
  A worm (D:2)
  3 dart slugs (D:1)
  3 endoplasms (D:1)
  4 giant cockroaches
  6 goblins (D:1)
  8 hobgoblins
  4 kobolds (D:1)
  3 quokkas
  5 ball pythons
  3 bats
  A frilled lizard (D:2)
  7 rats
54 creatures vanquished.

Notes
Turn   | Place    | Note
-------+----------+-------------------------------------------
     0 | D:1      | Zeldest the Meteoran Warper began the quest for the Orb.
     0 | D:1      | Reached XP level 1. HP: 17/17 MP: 5/5
    48 | D:1      | Reached XP level 2. HP: 6/24 MP: 6/6
    52 | D:1      | HP: 1/24 [rat (2)]
    67 | D:1      | HP: 1/24 [bat (1)]
   131 | D:1      | Reached skill level 1 in Transmutations
   205 | D:1      | Reached XP level 3. HP: 23/29 MP: 8/8
   299 | D:1      | Reached XP level 4. HP: 29/36 MP: 9/9
   334 | D:1      | Noticed a floating eye
   335 | D:1      | Found a faded altar of an unknown god.
   338 | D:1      | Noticed a golden eye
   338 | D:1      | Noticed a shining eye
   338 | D:1      | Noticed a great orb of eyes
   612 | D:2      | Reached XP level 5. HP: 39/41 MP: 10/10
   774 | D:3      | Noticed Jessica
   782 | D:3      | Killed Jessica
   797 | D:3      | Noticed Grinder
   816 | D:3      | Paralysed by Grinder for 2 turns
   822 | D:3      | Slain by Grinder

Illustrated notes

Levels and vault maps discovered:
D:1:      minmay_arrival_cross, layout_basic,
          hellmonk_ecumenical_altar_watching_god, minmay_hexomino_c4
D:2:      layout_rooms, minmay_misc_feat_columns
D:3:      wad_river_or_something, layout_loops_corners, uniq_grinder,
          uniq_sigmund, uniq_jessica

Skill      XL: |  1  2  3  4  5 |
---------------+----------------+-----
Transmutations | 1 2 3 |  3.1
Translocations | 4 |  4.9
Unarmed Combat | 3 4 |  4.1
Fighting       | |  2.1
Throwing       | |  1.2
Armour         | |  1.2
Dodging        | |  2.4
Spellcasting   | |  2.6

Action                   |  1- 3 |  4- 6 || total
-------------------------+-------+-------++-------
Melee: Unarmed           |    25 |       ||    25
       Whip              |    47 |    74 ||   121
       Punch             |     1 |     1 ||     2
Throw: Boomerang         |     1 |       ||     1
  Use: Potion            |     1 |     4 ||     5
       Scroll            |     1 |       ||     1
Armor: Leather armour    |    51 |    12 ||    63
       Ring mail         |       |    29 ||    29
Dodge: Dodged            |   101 |    55 ||   156
